 Dungeon Crawl Stone Soup version 0.32-a0-799-g95e1662365 (webtiles) character file.

Game seed: 16968636324167815432

735 Arex the Trooper (level 7, -1/61 HPs)
             Began as a Mountain Dwarf Fighter on Mar 21, 2024.
             Slain by an ogre
             ... wielding a +0 giant club
              (18 damage)
             ... on level 4 of the Dungeon.
             The game lasted 00:05:40 (4242 turns).

Arex the Trooper (Mountain Dwarf Fighter)           Turns: 4242, Time: 00:05:41

Health: -1/61      AC:  7    Str: 20    XL:     7   Next: 45%
Magic:  7/7        EV:  8    Int:  9    God:
Gold:   192        SH:  4    Dex:  9    Spells: 6/6 levels left

rFire   . . .        a - +0 war axe
rCold   . . .        c - +0 buckler
rNeg    . . .        b - +0 scale mail
rPois   +            (no helmet)
rElec   .            (no cloak)
rCorr   .            (no gloves)
SInv    .            (no boots)
Will    .....        (no amulet) Stlth
                     k - ring of poison resistance
HPRegen 0.30/turn    (no ring)
MPRegen 0.10/turn

%: no passive effects
@: on fire, glowing
A: runic magic, artefact enchanting
a: no special abilities


You were on level 4 of the Dungeon.
You visited 1 branch of the dungeon, and saw 6 of its levels.

You collected 192 gold pieces.

Inventory:

Hand Weapons
 a - a +0 war axe (weapon)
Armour
 b - a +0 scale mail (worn)
 c - a +0 buckler (worn)
Jewellery
 j - a ring of ice
 k - a ring of poison resistance (left hand)
Scrolls
 e - a scroll of teleportation
 h - a scroll of enchant weapon {unknown}
 i - a scroll of immolation {unknown}
 m - a scroll of torment
 n - 2 scrolls of identify {unknown}
 o - a scroll of revelation {unknown}
Potions
 d - a potion of might
 f - 2 potions of heal wounds {unknown}
 g - 4 potions of curing {unknown}
 l - 2 potions of brilliance {unknown}
 p - a potion of haste {unknown}
 q - a potion of attraction {unknown}


   Skills:
 + Level 5.6 Fighting
 + Level 5.4 Axes
 + Level 5.5 Armour
 + Level 5.6 Shields


You had 6 spell levels left.
You didn't know any spells.
Your spell library contained the following spells:

 Spells                   Type           Power      Damage    Failure   Level
 Sandblast                Erth           0%         2d4       54%         1
 Stone Arrow              Conj/Erth      0%         3d7       88%         3
 Volatile Blastmotes      Fire/Tloc      0%         2d10      88%         3
 Brom's Barrelling Bould  Conj/Erth      0%         2d3       99%         4
 Fulminant Prism          Conj/Alch      0%         3d5       99%         4
 Iskenderun's Mystic Bla  Conj/Tloc      0%         2d3       99%         4


Dungeon Overview and Level Annotations

Branches:
Dungeon (6/15)
 Temple: D:4-7

Altars:
Kikubaaqudgha
Nemelex Xobeh
Uskayaw
Wu Jian
Xom


Innate Abilities, Weirdness & Mutations

Your spellcasting is much less encumbered by armour.
You can use scrolls of enchantment on lesser artefacts.


Message History

The burning spray misses you.
You hit the bombardier beetle but do no damage.
The bombardier beetle is almost dead.
The bombardier beetle sprays incendiary fluid at you.
The burning spray hits you.
You are covered in liquid fire!
An ogre comes into view. It is wielding a +0 giant club.
You barely miss the bombardier beetle.
The bombardier beetle is almost dead.
The liquid fire burns you!
You slash the ogre!
The ogre is heavily wounded.
The liquid fire burns you!
You hit the ogre.
The ogre is heavily wounded.
The liquid fire burns you!
The ogre hits you with a +0 giant club!!
You are too injured to fight recklessly!
You are too injured to fight recklessly!
You are too injured to fight recklessly!
You are too injured to fight recklessly!
You are too injured to fight recklessly!
You are too injured to fight recklessly!
You are too injured to fight recklessly!
You are too injured to fight recklessly!
You are too injured to fight recklessly!
You are too injured to fight recklessly!
You are too injured to fight recklessly!
You are too injured to fight recklessly!
You are too injured to fight recklessly!
You slash the ogre!
The ogre is almost dead.
The liquid fire burns you! The ogre misses you.
You hit the ogre but do no damage.
The ogre is almost dead.
The liquid fire burns you!
* * * LOW HITPOINT WARNING * * *
The ogre hits you with a +0 giant club!!
You die...

# ##..###...#
#.#.≈...≈.## ##
#.#.. ..#.#
#.#.≈._.≈.# .##
.####..#..#
#.#.≈...≈.# ... .#
.....# #.+.......+
###.#
.##..#####.####+####
#. . #..#...#.# #
##..####.# #..## #.#
... #@.# #.# ###
#BO.$# ##. #
........# . #
##......# . #
#...#... .. #
#...###.. .. #... #.
.. #..# .# .#


You could see an ogre and a bombardier beetle.

Vanquished Creatures
  A black bear (D:5)
  A phantom (D:3)
  A bombardier beetle (D:5)
  A jelly (D:6)
  2 gnoll boudas
  A hound (D:5)
  An iguana (D:5)
  5 orc wizards
  10 gnolls
  10 adders
  2 dart slugs
  2 ribbon worms
  9 orcs
  5 endoplasms
  9 goblins
  4 hobgoblins
  10 jackals
  5 kobolds
  5 quokkas
  6 ball pythons
  7 bats
  9 frilled lizards
  6 rats
112 creatures vanquished.

Notes
Turn   | Place    | Note
-------+----------+-------------------------------------------
     0 | D:1      | Arex the Mountain Dwarf Fighter began the quest for the
                  | Orb.
     0 | D:1      | Reached XP level 1. HP: 19/19 MP: 1/1
   186 | D:1      | Reached XP level 2. HP: 21/26 MP: 2/2
   493 | D:1      | Reached XP level 3. HP: 22/31 MP: 3/3
   787 | D:2      | Reached XP level 4. HP: 37/40 MP: 4/4
  1581 | D:3      | Reached XP level 5. HP: 36/46 MP: 5/5
  1694 | D:3      | Found a sparkling altar of Nemelex Xobeh.
  1697 | D:3      | Found an ancient bone altar of Kikubaaqudgha.
  1699 | D:3      | Found an ornate altar of the Wu Jian Council.
  2039 | D:3      | Noticed a phantom
  2047 | D:3      | Killed a phantom
  2048 | D:3      | Reached XP level 6. HP: 45/53 MP: 6/6
  2240 | D:3      | Found a faded altar of an unknown god.
  2914 | D:4      | You fall into a shaft and drop 2 floors!
  2940 | D:5      | Entered Level 5 of the Dungeon
  2982 | D:5      | Reached skill level 5 in Fighting
  2982 | D:5      | Reached skill level 5 in Armour
  2984 | D:5      | Reached skill level 5 in Shields
  3171 | D:5      | Reached skill level 5 in Axes
  3171 | D:5      | Reached XP level 7. HP: 14/61 MP: 7/7
  3388 | D:5      | Found a shimmering altar of Xom.
  4212 | D:4      | Found a hide-covered altar of Uskayaw.
  4242 | D:4      | Slain by an ogre

Illustrated notes

Levels and vault maps discovered:
D:1:      nzn_arrival_depleted_hourglass, layout_basic, st_stairs_6
D:2:      layout_loops_ring, nicolae_concentric_dashed_squares_mild,
          minmay_lizard_pond
D:3:      layout_loops_corners, grunt_temple_overflow_open,
          chequers_ecumenical_altar_grove
D:4:      layout_layer_cave, mainiacjoe_overflow_six_doors_small, serial_shops,
          nicolae_shop_competitors_out_of_business
D:5:      lemuel_castle_with_subvaults [lemuel_castle_interior_carwin_2],
          layout_cave_pods, mainiacjoe_overflow_concentric_impassable,
          enter_ossuary_2
D:6:      layout_rooms, nicolae_qazlal_scattered_showers, uniq_pikel

Skill      XL: |  1  2  3  4  5  6 |
---------------+-------------------+-----
Axes           | 3 4 5 |  5.4
Fighting       | 4 5 |  5.6
Shields        | 4 5 |  5.6
Armour         | 4 5 |  5.5

Action                     |  1- 3 |  4- 6 |  7- 9 || total
---------------------------+-------+-------+-------++-------
  Melee: War axe           |    97 |   178 |    72 ||   347
    Use: Scroll            |       |     2 |       ||     2
         Potion            |       |     1 |       ||     1
 Armour: Scale mail        |    99 |   152 |    69 ||   320
  Dodge: Dodged            |    47 |    86 |    34 ||   167
  Block: Buckler           |    15 |    42 |    10 ||    67

Table legend: (Time is in decaauts)
 A = Elapsed time spent in this place.
 B = Non-inter-level travel time spent in this place.
 C = Inter-level travel time spent in this place.
 D = Time resting spent in this place.
 E = Time spent auto-exploring this place.
 F = Levels seen in this place.
 G = Mean time per level.
                   A        B        C        D        E       F      G
               +--------+--------+--------+--------+--------+-----+--------+
         Total |   4355 |   4228 |    127 |   1018 |   2328 |   6 |  725.8 |
       Dungeon |   4355 |   4228 |    127 |   1018 |   2328 |   6 |  725.8 |
               +--------+--------+--------+--------+--------+-----+--------+

Top non-repeatable levels by time:
     D:3: 1354 daAuts
     D:4: 892 daAuts
     D:2: 839 daAuts
     D:1: 716 daAuts
     D:5: 527 daAuts
     D:6: 26 daAuts
